Four Lakes
508042009Analyzed1v1 RM
·
13d ago on Sep 20, 2026·
44m 40s·
2 players
Game mode
Random Map
Map size
Tiny (2 player)
Population
200
Speed
Normal
Resources
Standard
Victory
Conquest
Starting age
Dark Age
Ending age
Imperial Age
RankedLock teamsTeams togetherTeam positionsShared explorationLock speedFull tech treeHidden civsTurbo modeCheats
Victory
Defeat
Replay analysis
Leuthifur
12:36
Feudal Age
11:23
Loom
14:36
Wheelbarrow
13:49
Town Watch
14:12
Double-Bit Axe
14:11
Fishing Lines
14:46
Gold Mining
15:50
Scale Mail Armor
16:00
Forging
16:30
Arson
21:31
Castle Age
20:02
Scale Barding Armor
20:31
Bloodlines
20:54
Fletching
22:21
Squires
21:41
Pikeman
22:24
Husbandry
24:22
Bow Saw
24:53
Sanctity
24:45
Fervor
24:45
Redemption
25:18
Stone Mining
25:25
Horse Collar
27:55
Hand Cart
28:40
Town Patrol
29:29
Devotion
30:08
Gillnets
30:54
Ballistics
30:45
Masonry
30:36
Murder Holes
31:52
Chain Barding Armor
31:49
Chain Mail Armor
32:11
Iron Casting
31:32
Bodkin Arrow
32:18
Stone Shaft Mining
32:43
Heavy Plow
34:09
Herbal Medicine
34:17
Atonement
36:56
Imperial Age
37:21
Padded Archer Armor
38:36
Chemistry
38:08
Architecture
38:16
Plate Barding Armor
38:12
Plate Mail Armor
38:42
Blast Furnace
37:43
Bracer
38:02
Block Printing
38:56
Two-Man Saw
39:18
Conscription
39:55
Cavalier
41:03
Paladin
43:22
Hoardings
43:15
Inquisition
43:42
Halberdier
RIO1000
10:13
Feudal Age
8:31
Loom
10:44
Double-Bit Axe
11:29
Horse Collar
20:43
Castle Age
19:36
Gold Mining
20:34
Wheelbarrow
21:37
Bow Saw
21:43
Hand Cart
21:46
Squires
22:05
Heavy Plow
23:42
Stone Mining
25:24
Gold Shaft Mining
27:47
Bloodlines
33:08
Imperial Age
30:58
Town Watch
31:09
Fletching
31:29
Steppe Husbandry
31:42
Scale Barding Armor
31:49
Forging
34:51
Conscription
33:55
Elite Steppe Lancer
35:39
Crop Rotation
36:12
Iron Casting
37:08
Two-Man Saw
37:21
Ballistics
37:14
Bodkin Arrow
37:35
Town Patrol
39:05
Blast Furnace
39:48
Chemistry
39:42
Chain Barding Armor
39:53
Elite Kipchak